 Dungeon Sprint DCSS version 0.29.1-2-gbd0b4ee654 (webtiles) character file.

Game seed: 9000176836697040690

7540 Zeld the Eclecticist (level 10, -8/50 HPs)
             Began as a Deep Elf Conjurer on Nov 1, 2022.
             Was a High Priest of Sif Muna.
             Mangled by a spriggan
             ... wielding a +0 spear
              (9 damage)
             ... in the Dungeon (Sprint IV: "Fedhas' Mad Dash").
             The game lasted 00:06:43 (6145 turns).

Zeld the Eclecticist (Deep Elf Conjurer)            Turns: 6145, Time: 00:06:44

Health: -8/50      AC:  5    Str:  4    XL:     10   Next: 96%
Magic:  4/34       EV: 16    Int: 28    God:    Sif Muna [*****.]
Gold:   379        SH:  0    Dex: 13    Spells: 4/45 levels left

rFire   . . .      SeeInvis .   (no weapon)
rCold   . . .      Faith    .   (no shield)
rNeg    + . .      Spirit   .   a - +2 leather armour {rN+}
rPois   .          Reflect  .   (no helmet)
rElec   .          Harm     .   (no cloak)
rCorr   .          Rampage  .   (no gloves)
Will    +....      NoTele   +   (no boots)
Stlth   +++++.....              g - amulet of invisibility {+Inv}
HPRegen 0.16/turn               (no ring)
MPRegen 0.24/turn               (no ring)

@: very slightly contaminated, slowed, invisible (expiring), very slow
A: no striking features
a: Renounce Religion, Evoke Invisibility, Channel Magic, Forget Spell, Divine
Exegesis


You were in the Dungeon.
You worshipped Sif Muna.
Sif Muna was extremely pleased with you.
You visited 1 branch You collected 434 gold pieces.
You spent 55 gold pieces at shops.

Inventory:

Armour
 a - a +2 leather armour of positive energy (worn)
Jewellery
 g - the amulet of invisibility (around neck) {+Inv}
   (You found it in the Dungeon)

   [amulet of nothing]

   +Inv:      It lets you turn invisible.
 m - a +6 ring of dexterity
Wands
 j - a wand of polymorph (5)
Scrolls
 h - 2 scrolls of identify
 k - a scroll of amnesia {unknown}
Potions
 b - 3 potions of magic
 c - a potion of curing
 e - a potion of haste
 f - a potion of berserk rage
 i - 2 potions of mutation {unknown}
 l - a potion of flight {unknown}


   Skills:
 + Level 12.3 Dodging
 + Level 13.1 Stealth
 * Level 18.1 Spellcasting
 * Level 15.7 Conjurations
 * Level 8.0 Fire Magic
 - Level 10.0 Invocations


You had 4 spell levels left.
You knew the following spells:

 Your Spells              Type           Power      Damage    Failure   Level
a - Magic Dart            Conj           100%       1d8       0%          1
b - Searing Ray           Conj           100%       2d8       0%          2
c - Fulminant Prism       Conj/Hex       31%        3d16      1%          4
d - Iskenderun's Mystic   Conj/Tloc      62%        2d13      1%          4
e - Fireball              Conj/Fire      37%        3d15      1%          5
f - Starburst             Conj/Fire      37%        6d11      3%          6
g - Fire Storm            Conj/Fire      37%        8d10      100%        9
o - Orb of Destruction    Conj           42%        9d12      4%          7
p - Inner Flame           Hex/Fire       47%        N/A       1%          3

Your spell library contained the following spells:

 Spells                   Type           Power      Damage    Failure   Level
 Foxfire                  Conj/Fire      100%       2x1d9     1%          1
 Conjure Flame            Conj/Fire      75%        6-21      1%          3
 Dazzling Flash           Conj/Hex       100%       N/A       1%          3
 Sticky Flame             Conj/Fire      75%        2d9       1%          4
 Slow                     Hex            100%       N/A       3%          1
 Ignite Poison            Fire/Tmut/Pois 40%        N/A       3%          3
 Confusing Touch          Hex            25%        N/A       10%         3
 Vampiric Draining        Necr           25%        2d7       10%         3
 Lightning Bolt           Conj/Air       31%        1d48      3%          5
 Lee's Rapid Deconstruct  Erth           12%        3d10*     65%         5


Dungeon Overview and Level Annotations

Branches:
Dungeon (1/1)

Altars:
Cheibriados
Dithmenos
Elyvilon
Gozag
Hepliaklqana
Kikubaaqudgha
Makhleb
Nemelex Xobeh
Okawaru
Qazlal
Ru
Sif Muna
Trog
Uskayaw
Vehumet
Wu Jian
Xom
Yredelemnul
Zin
The Shining One
Jiyva
Lugonu

Shops:
D (*:(:[


Message History

The demonic crawler collides with the hornet!
The hornet is almost dead.
The demonic crawler is heavily wounded.
You feel very sick. The demonic crawler closely misses you.
The demonic crawler hits you!
* * * LOW HITPOINT WARNING * * *
The demonic crawler closely misses you.
Your Fire Magic skill increases to level 8!
Unknown command.
You feel much better.
You flicker for a moment.
You feel very sick.
The spriggan throws a curare-tipped dart.
The curare-tipped dart completely misses you.
The demonic crawler hits you! The demonic crawler barely misses you.
The demonic crawler hits you!
* * * LOW HITPOINT WARNING * * *
The spriggan throws a curare-tipped dart.
The curare-tipped dart hits you.
You are lethally poisoned!
You have difficulty breathing.
* * * LOW HITPOINT WARNING * * *
You feel as though you will be slow longer.
The demonic crawler misses you. x2
The demonic crawler hits you but does no damage.
You feel better.
The demonic crawler shrieks in warning!
The demonic crawler hits you!
* * * LOW HITPOINT WARNING * * *
The demonic crawler barely misses you.
The demonic crawler completely misses you.
Casting: Iskenderun's Mystic Blast (dangerous; 1% risk of failure)
Confirm with . or Enter, or press ? or * to list all spells.
You erupt in a blast of force!
The mystic blast hits the demonic crawler.
The demonic crawler is heavily wounded.
The demonic crawler is knocked back by the mystic blast.
The hornet buzzes angrily.
The spriggan hits you from afar with a +0 spear!
You die...

.....................########
######+##############
#.....)....# ..# #.......P..#
...+ ###......### ....#
###...## #....#
#....####i....#
#.......y..$..'
#......@..s...#
###############


You could see a demonic crawler (catching breath), a hornet (unable to see you)
and a spriggan.

Vanquished Creatures
  Agnes (D)
  A spriggan defender (D)
  A spriggan berserker (D)
  A spriggan druid (D)
  5 oklob plants (D)
  A queen bee (D)
  3 wandering mushrooms (D)
  3 burning bushes (D)
  3 hornets (D)
  3 scorpions (D)
  5 oklob saplings (D)
  4 killer bees (D)
  4 spriggans (D)
  A river rat (D)
  A rat (D)
  2 ballistomycete spores (D)
  3 bushes (D)
42 creatures vanquished.

Vanquished Creatures (others)
  25 fulminant prisms (D)
  2 fungi (D)
27 creatures vanquished.

Grand Total: 69 creatures vanquished

Notes
Turn   | Place    | Note
-------+----------+-------------------------------------------
     0 | D        | Zeld the Deep Elf Conjurer began the quest for the Orb.
     0 | D        | Reached XP level 1. HP: 10/10 MP: 6/6
     7 | D        | Reached skill level 4 in Spellcasting
     7 | D        | Reached skill level 5 in Conjurations
     7 | D        | Reached XP level 2. HP: 15/15 MP: 5/9
    11 | D        | Learned a level 2 spell: Searing Ray
   236 | D        | Noticed an oklob sapling
   238 | D        | Noticed a scorpion
   238 | D        | Found the amulet of invisibility {+Inv}
   242 | D        | Killed a scorpion
   243 | D        | Reached skill level 6 in Spellcasting
   243 | D        | Reached XP level 3. HP: 14/19 MP: 4/13
   243 | D        | Reached XP level 4. HP: 17/24 MP: 4/14
   621 | D        | Found an opulent altar of Gozag.
   621 | D        | Found a hazy altar of Hepliaklqana.
   621 | D        | Found a burning altar of Makhleb.
   621 | D        | Found a sparkling altar of Nemelex Xobeh.
   621 | D        | Found a snail-covered altar of Cheibriados.
   621 | D        | Found a sacrificial altar of Ru.
   621 | D        | Found a shimmering blue altar of Sif Muna.
   621 | D        | Found a shimmering altar of Xom.
   621 | D        | Found a basalt altar of Yredelemnul.
   622 | D        | Found a viscous altar of Jiyva.
   622 | D        | Found a bloodstained altar of Trog.
   622 | D        | Found an ornate altar of the Wu Jian Council.
   623 | D        | Found an iron altar of Okawaru.
   623 | D        | Found a shadowy altar of Dithmenos.
   623 | D        | Found a glowing silver altar of Zin.
   624 | D        | Found an ancient bone altar of Kikubaaqudgha.
   624 | D        | Found a hide-covered altar of Uskayaw.
   625 | D        | Found a stormy altar of Qazlal.
   625 | D        | Found a white marble altar of Elyvilon.
   625 | D        | Found a glowing golden altar of the Shining One.
   626 | D        | Found a radiant altar of Vehumet.
   626 | D        | Found a corrupted altar of Lugonu.
   628 | D        | Became a worshipper of Sif Muna the Loreminder
   632 | D        | Reached skill level 5 in Dodging
   632 | D        | Reached skill level 5 in Stealth
   632 | D        | Reached skill level 7 in Spellcasting
   707 | D        | Reached skill level 8 in Spellcasting
   707 | D        | Reached skill level 1 in Invocations
   707 | D        | Reached XP level 5. HP: 28/28 MP: 8/17
   722 | D        | Learned a level 4 spell: Fulminant Prism
   727 | D        | Learned a level 4 spell: Iskenderun's Mystic Blast
   867 | D        | Reached * piety under Sif Muna
   869 | D        | Reached skill level 9 in Spellcasting
  1232 | D        | Found Ydoowe's General Store.
  1232 | D        | Found Goruorom's Weapon Emporium.
  1235 | D        | Bought a potion of curing for 33 gold pieces
  1235 | D        | Bought a scroll of identify for 22 gold pieces
  1439 | D        | Noticed a burning bush
  1439 | D        | Noticed a wandering mushroom
  1442 | D        | Reached ** piety under Sif Muna
  1443 | D        | Reached skill level 10 in Spellcasting
  1443 | D        | Reached XP level 6. HP: 32/32 MP: 16/21
  1443 | D        | Noticed a wandering mushroom
  1450 | D        | Killed a burning bush
  1450 | D        | Killed a wandering mushroom
  1451 | D        | Reached skill level 12 in Spellcasting
  1451 | D        | Reached skill level 10 in Conjurations
  1451 | D        | Reached skill level 5 in Invocations
  1451 | D        | Reached XP level 7. HP: 36/36 MP: 9/24
  1456 | D        | Killed a wandering mushroom
  1772 | D        | Found Necitofu's Antique Armour Emporium.
  1772 | D        | Found Kixuvopn's Book Shoppe.
  1816 | D        | Reached *** piety under Sif Muna
  1947 | D        | Reached XP level 8. HP: 41/41 MP: 21/26
  1980 | D        | Noticed a queen bee
  1986 | D        | Reached skill level 13 in Spellcasting
  1988 | D        | Reached **** piety under Sif Muna
  1993 | D        | Killed a queen bee
  2197 | D        | Noticed an oklob plant
  2211 | D        | Killed an oklob plant
  2212 | D        | Reached skill level 10 in Stealth
  2212 | D        | Reached skill level 14 in Spellcasting
  2292 | D        | Noticed a burning bush
  2303 | D        | Killed a burning bush
  2304 | D        | Reached skill level 10 in Dodging
  2304 | D        | Reached XP level 9. HP: 37/45 MP: 17/29
  2364 | D        | Noticed a burning bush
  2364 | D        | Noticed an oklob plant
  2368 | D        | Noticed a wandering mushroom
  2371 | D        | Killed a burning bush
  2379 | D        | Killed a wandering mushroom
  2379 | D        | Reached ***** piety under Sif Muna
  2380 | D        | Reached skill level 15 in Spellcasting
  2381 | D        | HP: 2/45 [oklob plant/splash of acid (18)]
  3286 | D        | Killed an oklob plant
  3286 | D        | Received a gift from Sif Muna
  3289 | D        | Got Sif Muna's Secrets of the Inferno {god gift}
  3296 | D        | Learned a level 5 spell: Fireball
  3303 | D        | Learned a level 6 spell: Starburst
  3313 | D        | Learned a level 9 spell: Fire Storm
  3477 | D        | Noticed a spriggan druid
  3481 | D        | Killed a spriggan druid
  3482 | D        | Reached skill level 16 in Spellcasting
  3493 | D        | HP: 2/45 [cloud of flame (23)]
  3921 | D        | Killed an oklob plant conjurer
  4275 | D        | Learned a level 3 spell: Inner Flame
  4276 | D        | Noticed Agnes
  4281 | D        | Noticed a spriggan berserker
  4282 | D        | Found Ezioseph's Book Emporium.
  4285 | D        | Killed a spriggan berserker
  4285 | D        | Killed Agnes
  4286 | D        | Reached skill level 17 in Spellcasting
  4286 | D        | Reached skill level 5 in Fire Magic
  4286 | D        | Reached XP level 10. HP: 50/50 MP: 9/33
  4627 | D        | Found Vackos's Antique Weapon Shoppe.
  4632 | D        | Noticed a spriggan defender
  4639 | D        | Killed a spriggan defender
  4640 | D        | Reached skill level 15 in Conjurations
  5356 | D        | Noticed a spriggan rider
  5836 | D        | Noticed an oklob plant shifter
  5836 | D        | Noticed an oklob plant meteorologist
  6019 | D        | Killed an oklob plant meteorologist
  6019 | D        | Received a gift from Sif Muna
  6049 | D        | Killed an oklob plant shifter
  6050 | D        | Reached skill level 10 in Invocations
  6077 | D        | Got Sif Muna's Handbook of Blasting {god gift}
  6127 | D        | Learned a level 7 spell: Orb of Destruction
  6136 | D        | Noticed a spriggan rider
  6141 | D        | Reached skill level 18 in Spellcasting
  6143 | D        | HP: 1/50 [asphyx]
  6145 | D        | Mangled by a spriggan

Illustrated notes

Levels and vault maps discovered:
D:        dungeon_sprint_fedhas [sprint_temple]

Skill      XL: |  1  2  3  4  5  6  7  8  9 10 |
---------------+-------------------------------+-----
Dodging        | 3 4 5 6 8 10 11 12 | 12.3
Stealth        | 3 4 5 7 8 9 10 12 13 | 13.1
Spellcasting   | 4 6 8 10 12 14 17 18 | 18.1
Conjurations   | 5 6 7 9 10 11 12 14 15 | 15.7
Invocations    | 1 3 5 7 9 10 | 10.0
Fire Magic     | 5 8 |  8.0

Action                   |  1- 3 |  4- 6 |  7- 9 | 10-12 || total
-------------------------+-------+-------+-------+-------++-------
Melee: Unarmed           |     1 |       |       |       ||     1
 Cast: Magic Dart        |     3 |       |       |       ||     3
       Searing Ray       |     1 |     4 |    11 |       ||    16
       Fulminant Prism   |       |     3 |    22 |       ||    25
       Iskenderun's Myst |       |     1 |     5 |     8 ||    14
       Fireball          |       |       |     4 |    14 ||    18
       Inner Flame       |       |       |     2 |       ||     2
Invok: Channel Magic     |       |       |     1 |       ||     1
 Abil: Evoke Invisibilit |       |     2 |     8 |     4 ||    14
  Use: Scroll            |     1 |       |       |       ||     1
       Potion            |       |       |       |     2 ||     2
Armor: Leather armour    |       |       |       |     1 ||     1
Dodge: Dodged            |     1 |     1 |     1 |    10 ||    13
